 Dungeon Crawl Stone Soup version 0.32-a0-918-g0f22ef8d61 (webtiles) character file.

Game seed: 10659934998036916165

58424 HilariousDeathArtist the Skirmisher (level 14, -10/95 (116) HPs)
             Began as a Coglin Cinder Acolyte on Apr 11, 2024.
             Was an Elder of Ignis.
             Mangled by a +1 war axe of draining (19 damage)
             ... on level 1 of the Elven Halls.
             The game lasted 00:30:17 (20387 turns).

HilariousDeathArtist the Skirmisher (CoCA)         Turns: 20387, Time: 00:30:18

HP:   -10/95 (116)  AC:  8    Str: 14    XL:     14   Next: 90%
MP:   20/21         EV: 13    Int: 23    God:    Ignis [****..]
Gold: 2010          SH:  0    Dex: 12    Spells: 19/22 levels left

rFire   + . .        a - +8 sling of the Howling One {drain, ^Contam rPois rC- Int+6}
rCold   x . .        L - +0 sling {Cuetlachtli}
rNeg    . . .        X - +0 troll leather armour
rPois   +            m - +0 helmet
rElec   .            W - +0 cloak
rCorr   .            E - +0 pair of gloves
SInv    .            q - +0 pair of boots
Will    ++...        (amulet unavailable)
Stlth   +++          (ring unavailable)
HPRegen 1.15/turn    (ring unavailable)
MPRegen 0.17/turn    F - bismuth samoflange {AutoDazzle, Will+ Slay+3}

%: no passive effects
@: heavily drained, revving
A: off-hand wielding, slow wielding, warmup strikes, no jewellery
a: Renounce Religion, Fiery Armour, Foxfire Swarm, Rising Flame


You were on level 1 of the Elven Halls.
You worshipped Ignis.
Ignis was greatly pleased with you.
You visited 4 branches of the dungeon, and saw 18 of its levels.

You collected 3192 gold pieces.
You spent 1182 gold pieces at shops.

Inventory:

Hand Weapons
 a - the +8 sling of the Howling One (weapon) {drain, ^Contam rPois rC- Int+6}
   (You found it on level 5 of the Dungeon)

   Int+6:     It affects your intelligence (+6).
   rC-:       It makes you vulnerable to cold.
   rPois:     It protects you from poison.
   ^Contam:   It causes magical contamination when unequipped.
 v - the +8 dagger "Dragonslayer" {flame, ^Drain Will+++ Int-4 Stlth+}
   (You found it on level 1 of the Lair of Beasts)

   Int-4:     It affects your intelligence (-4).
   Will+++:   It greatly increases your willpower.
   ^Drain:    It drains your maximum health when unequipped.
   Stlth+:    It makes you more stealthy.
 L - a +0 sling (offhand) {Cuetlachtli}
   (You found it on level 5 of the Dungeon)
 Q - the +9 mace "Loogux" {flame, ^Fragile rN++ Dex+5}
   (You took it off a deep elf pyromancer on level 1 of the Elven Halls)

   Dex+5:     It affects your dexterity (+5).
   rN++:      It greatly protects you from negative energy.
   ^Fragile:  It will be destroyed if unequipped.
Missiles
 s - 25 stones
 u - a throwing net {!d}
 A - 9 boomerangs
 O - 3 poisoned darts
Armour
 h - an orb of wrath
   (You found it on level 12 of the Dungeon)
 m - a +0 helmet (worn)
   (You found it on level 8 of the Dungeon)
 q - a +0 pair of boots (worn)
   (You found it on level 3 of the Dungeon)
 E - a +0 pair of gloves (worn)
   (You found it on level 8 of the Dungeon)
 I - a +2 chain mail of poison resistance
   (You took it off an orc priest on level 2 of the Orcish Mines)
 W - a +0 cloak (worn)
   (You found it on level 4 of the Dungeon)
 X - a +0 troll leather armour (worn)
   (You found it on level 10 of the Dungeon)
Magical Staves
 k - a staff of cold {rC+}
   (You found it on level 12 of the Dungeon)
Gizmo
 F - a bismuth samoflange (installed) {AutoDazzle, Will+ Slay+3}
   (You invented it yourself on level 2 of the Orcish Mines)

   [bismuth samoflange]

   AutoDazzle: It sometimes fires a blinding ray at enemies whose attacks you
   dodge.
   Slay+3:    It affects your accuracy & damage with ranged weapons and melee
   (+3).
   Will+:     It increases your willpower.
Wands
 i - a wand of iceblast (7)
   (You found it on level 9 of the Dungeon)
 j - a wand of polymorph (4)
   (You found it on level 12 of the Dungeon)
 p - a wand of paralysis (1)
   (You found it on level 2 of the Lair of Beasts)
 y - a wand of mindburst (8)
   (You found it on level 9 of the Dungeon)
Scrolls
 b - 4 scrolls of noise {unknown}
 c - 3 scrolls of enchant weapon {unknown}
 e - 2 scrolls of enchant armour
 f - 6 scrolls of fog
 l - a scroll of amnesia {unknown}
 o - a scroll of butterflies
 z - 2 scrolls of fear {unknown}
 C - 2 scrolls of torment {!r}
 D - 2 scrolls of blinking {!r}
 K - 2 scrolls of immolation {!r}
 S - 5 scrolls of revelation
 V - 2 scrolls of vulnerability {!r!r}
 Y - 5 scrolls of teleportation {@r3}
 Z - 4 scrolls of identify {@r1}
Potions
 d - 2 potions of enlightenment
 g - 3 potions of invisibility {unknown}
 n - 2 potions of magic
 r - 2 potions of attraction {!q}
 t - 6 potions of degeneration {unknown}
 B - 5 potions of brilliance
 G - 6 potions of ambrosia {!q}
 H - 5 potions of haste
 J - 4 potions of curing {@q1}
 M - 2 potions of might
 N - a potion of heal wounds {@q2}
 P - a potion of lignification {!q}
 U - a potion of mutation {!q}
Miscellaneous
 w - a phial of floods (inert)
   (You found it on level 10 of the Dungeon)


   Skills:
 * Level 12.9 Fighting
 - Level 3.0 Axes
 - Level 14.0 Ranged Weapons
 + Level 5.4 Armour
 * Level 7.6 Dodging
 + Level 5.2 Stealth
 + Level 4.9 Spellcasting
 + Level 5.3 Translocations
 - Level 2.6 Fire Magic
 * Level 12.0 Evocations


You had 19 spell levels left.
You knew the following spells:

 Your Spells              Type           Power      Damage    Failure   Level
b - Blink                 Tloc           60%        N/A       1%          2
g - Apportation           Tloc           60%        N/A       1%          1

Your spell library contained the following spells:

 Spells                   Type           Power      Damage    Failure   Level
 Teleport Other           Tloc           30%        N/A       3%          3
 Scorch                   Fire           36%        2d6       6%          2
 Magic Dart               Conj           20%        1d4       12%         1
 Necrotise                Necr           20%        1d5       12%         1
 Sandblast                Erth           10%        2d5       12%         1
 Call Imp                 Summ           10%        N/A       19%         2
 Cigotuvi's Dreadful Rot  Necr/Alch/Air  10%        N/A       19%         2
 Jinxbite                 Hex            10%        N/A       19%         2
 Static Discharge         Conj/Air       10%        3-4/arc   19%         2
 Sublimation of Blood     Necr           5%         N/A       19%         2
 Dazzling Flash           Conj/Hex       10%        N/A       34%         3
 Fugue of the Fallen      Necr           5%         N/A       34%         3
 Ozocubu's Armour         Ice            5%         N/A       34%         3
 Stone Arrow              Conj/Erth      10%        3d7       34%         3
 Summon Ice Beast         Ice/Summ       5%         N/A       34%         3
 Vampiric Draining        Necr           5%         2d6       34%         3
 Ignite Poison            Fire/Alch      11%        N/A       54%         4
 Airstrike                Air            2%         2d(1-17)  75%         4
 Animate Armour           Summ/Erth      10%        N/A       75%         4
 Brom's Barrelling Bould  Conj/Erth      5%         2d3       75%         4
 Cause Fear               Hex            2%         N/A       75%         4
 Martyr's Knell           Necr/Summ      5%         N/A       75%         4
 Petrify                  Alch/Erth      5%         N/A       75%         4
 Summon Lightning Spire   Summ/Air       5%         N/A       75%         4
 Dispersal                Tloc           15%        N/A       89%         6
 Gell's Gavotte           Tloc           15%        2d(18-26) 89%         6
 Alistair's Intoxication  Alch           3%         N/A       97%         5
 Curse of Agony           Necr           5%         N/A       97%         5
 Freezing Cloud           Conj/Ice/Air   2%         6-21      97%         5
 Irradiate                Conj/Alch      2%         3d12      97%         5
 Summon Mana Viper        Hex/Summ       5%         N/A       97%         5
 Conjure Ball Lightning   Conj/Air       2%         3x3d6     100%        6
 Manifold Assault         Tloc           15%        N/A       100%        7
 Discord                  Hex            2%         N/A       100%        8
 Disjunction              Tloc           15%        N/A       100%        8


Dungeon Overview and Level Annotations

Branches:
Dungeon (12/15)            Temple (0/1) D:6            Lair (2/5) D:11
    Orc (2/2) D:10            Elf (2/3) Orc:2
  Swamp: Lair:2-3    Shoals: Lair:2-3     Snake: Lair:2-3    Spider: Lair:2-3

Altars:
Ashenzari
Gozag
Kikubaaqudgha
Makhleb
Okawaru
Qazlal
Ru
Trog
Yredelemnul
Beogh

Shops:
Orc:2 *((!

Annotations:
D:4 2 transporters
Lair:2 Fannar; grrhawk's ghost, journeyman CoGl


Innate Abilities, Weirdness & Mutations

You can wield a second weapon in your off-hand.
It takes a long time for you to wield or remove held weapons.
Your first few attacks do less damage.
You cannot equip rings or amulets.


Message History

Your Evocations skill increases to level 12!
No target in view!
No target in view!
You now have 2010 gold pieces (gained 25).
Things that are here:
the +9 mace "Loogux" {flame, ^Fragile rN++ Dex+5}; an elf corpse
Q - the +9 mace "Loogux" {flame, ^Fragile rN++ Dex+5} Done exploring.
There is a stone staircase leading down here.
You climb downwards.
The deep elf pyromancer shouts!
Found a potion of mutation, 5 stones and 16 gold pieces.
Found a stone staircase leading down.
There is a stone staircase leading up here.
There are monsters nearby!
Okay, then.
You climb upwards.
There is a stone staircase leading down here.
There is a stone staircase leading down here.
You climb downwards.
The wind drake hisses angrily.
Found a spear, a long sword, 39 gold pieces and 7 stones.
Found a stone staircase leading down.
There is a stone staircase leading up here.
You climb upwards.
There is a stone staircase leading down here.
Things that are here:
a +0 leather armour; a +0 short sword
There is a stone staircase leading down here.
You climb downwards.
The deep elf archer shouts!
The deep elf knight shouts!
The deep elf knight wields a +0 shortbow.
The deep elf knight shoots an arrow.
The arrow completely misses you.
The deep elf archer unwields a +2 dagger of flaming.
It stops flaming.
The deep elf archer wields a +0 longbow.
The deep elf archer shoots an arrow.
The arrow barely misses you.
The deep elf knight shouts!
The deep elf pyromancer shouts!
Found a scroll of fog and a barding.
Found a stone staircase leading down.
There is a stone staircase leading up here.
The +1 war axe of draining hits you!
You feel drained.
The deep elf knight shoots an arrow.
The arrow hits you.
You climb upwards.
There is a stone staircase leading down here.
You take 13 damage, and have 103/114 hp.
Unknown command.
Unknown command.
You blink.
The +1 war axe of draining barely misses you.
You now have 19/21 mp.
Unknown command.
Okay, then.
Okay, then.
Okay, then.
Okay, then.
Press: ? - help, Shift-Dir - straight line, f - +1 war axe of draining
Aim: a +1 war axe of draining (51% to hit)
The bolt of dispelling energy misses the +1 war axe of draining.
The +1 war axe of draining barely misses you.
Press: ? - help, Shift-Dir - straight line, f/p - +1 war axe of draining
Aim: a +1 war axe of draining (51% to hit)
The bolt of dispelling energy hits the +1 war axe of draining!!
The +1 war axe of draining hits you.
You feel drained. The +1 war axe of draining hits you!
You feel drained.
You take 18 damage, and have 87/109 hp.
You shoot a sling bullet.
The sling bullet hits the +1 war axe of draining but does no damage.
You shoot a sling bullet.
The sling bullet hits the +1 war axe of draining but does no damage.
The +1 war axe of draining completely misses you.
You shoot a sling bullet.
The sling bullet hits the +1 war axe of draining but does no damage.
You shoot a sling bullet.
The sling bullet closely misses the +1 war axe of draining.
The +1 war axe of draining hits you!!
You feel drained.
You take 25 damage, and have 63/104 hp.
MASSIVE DAMAGE!!
You shoot a sling bullet.
The sling bullet hits the +1 war axe of draining but does no damage.
You shoot a sling bullet.
The sling bullet hits the +1 war axe of draining but does no damage.
You feel ready to blink again. The +1 war axe of draining hits you!!
You feel drained.
You take 28 damage, and have 35/100 hp.
MASSIVE DAMAGE!!
Press: ? - help, Shift-Dir - straight line, f/p - +1 war axe of draining
Aim: a +1 war axe of draining (severely damaged, 51% to hit)
The bolt of dispelling energy misses the +1 war axe of draining.
The now-empty wand crumbles to dust.
The +1 war axe of draining hits you!!
* * * LOW HITPOINT WARNING * * *
You feel drained.
* * * LOW HITPOINT WARNING * * *
The +1 war axe of draining hits you!!
You die...
Ignis goes out, and joins you in death.

.....#..###.###)# #...#
.......##
##.##.#########...# ##
.....#.#
#.[..............# #.
#......##
##.###.##.#####.#.## #.
##...#..###.##
#......##.###.# #.
##.##.....##
#..###.###.#.## #.
##.####.## #..#
#......## #. #.# #.#
#..###.####.# #. ##.#
#.# #@(.>..####.#####.
##.## #.#
#.#######.........
##..#####.# #.#
#)#.###### #.......).#
#.# #.#.# .##.#######
#.#######.#.# ##.#.##
#.........#.# #.###.##
###########.# .## ##.##
##########.# ##
##.#########..e.......#


You could see a +1 war axe of draining.

Vanquished Creatures
  An orc warlord (Orc:2)
  A deep elf demonologist (Elf:1)
  A deep elf annihilator (Elf:1)
  A fire dragon (Lair:1)
  A hydra (Lair:2)
  2 two-headed ogres
  A dancing weapon (Elf:1)
  2 boulder beetles (D:11)
  Urug (D:11)
  4 orc high priests (Orc:2)
  A deep elf knight (Elf:1)
  A deep elf archer (Elf:1)
  A swamp dragon (Lair:1)
  3 obsidian bats (Orc:2)
  10 deep elf pyromancers
  6 deep elf zephyrmancers (Elf:1)
  6 orc knights
  An oklob plant (Orc:1)
  6 orc sorcerers
  A cyclops (D:9)
  A manticore (D:12)
  2 ugly things
  A black mamba (Lair:2)
  8 kobold blastminers (Orc:2)
  A rime drake (Lair:1)
  3 cane toads (Lair:2)
  A tengu conjurer (D:9)
  10 trolls
  2 hornets
  3 tyrant leeches
  A queen bee (Orc:1)
  7 blink frogs
  10 slime creatures
  2 vampires (D:11)
  2 shadows (D:11)
  A water elemental (Elf:1)
  9 yaks
  7 wraiths
  6 wyverns
  A fire elemental (Elf:1)
  A basilisk (D:12)
  15 wargs
  8 vampire mosquitoes
  2 steam dragons
  A swamp worm (Lair:2)
  An acid dragon (D:10)
  4 water moccasins
  A black bear (D:7)
  42 orc warriors
  A sky beast (D:6)
  2 ice beasts (D:6)
  27 wolves
  9 ogres
  5 centaurs
  A phantom (D:6)
  A kobold brigand (D:11)
  5 bullfrogs
  2 wyvern zombies (D:7)
  A gnoll sergeant (D:9)
  9 wights (D:8)
  25 killer bees
  7 centaur zombies
  3 hounds
  34 orc priests
  2 jellies (D:5)
  2 gnoll boudas
  3 sleepcaps
  An iguana (D:5)
  28 orc wizards
  2 killer bee zombies (D:7)
  2 howler monkey zombies
  14 gnolls
  3 adders
  2 shadow imps (D:7)
  A white imp (D:6)
  2 ufetubi (D:6)
  4 dart slugs
  118 orcs
  8 endoplasms
  A giant cockroach (D:1)
  4 goblins
  7 hobgoblins
  7 jackals
  5 quokkas
  6 ball pythons
  6 bats
  2 frilled lizards (D:1)
  11 kobolds
  5 rats
582 creatures vanquished.

Vanquished Creatures (others)
  21 foxfires (Lair:1)
21 creatures vanquished.

Grand Total: 603 creatures vanquished

Notes
Turn   | Place    | Note
-------+----------+-------------------------------------------
     0 | D:1      | HilariousDeathArtist the Coglin Cinder Acolyte began the
                  | quest for the Orb.
     0 | D:1      | Reached XP level 1. HP: 18/18 MP: 2/2
   221 | D:1      | Reached XP level 2. HP: 24/24 MP: 3/3
   509 | D:1      | Reached skill level 4 in Fighting
   712 | D:1      | Reached XP level 3. HP: 24/30 MP: 4/4
  1417 | D:2      | HP: 7/31 [gnoll/+0 spear (5)]
  1521 | D:2      | Reached XP level 4. HP: 28/38 MP: 5/5
  1589 | D:2      | Reached skill level 5 in Fighting
  1700 | D:2      | Found a bloodstained altar of Trog.
  1786 | D:2      | Found Secuy's Distillery.
  1793 | D:2      | Bought a potion of heal wounds for 65 gold pieces
  1842 | D:2      | Found a faded altar of an unknown god.
  2560 | D:3      | Found an opulent altar of Gozag.
  2560 | D:3      | Found a bloodstained altar of Trog.
  2598 | D:3      | Found a stormy altar of Qazlal.
  3177 | D:4      | Found a broken altar of Ashenzari.
  3293 | D:4      | Found a transporter.
  3311 | D:4      | Reached XP level 5. HP: 43/46 MP: 6/6
  3372 | D:4      | Found a transporter.
  3439 | D:4      | Noticed a fire bat
  3552 | D:5      | Entered Level 5 of the Dungeon
  3675 | D:5      | Reached skill level 6 in Fighting
  3727 | D:2      | Bought a potion of curing for 39 gold pieces
  3727 | D:2      | Bought a potion of brilliance for 52 gold pieces
  3949 | D:6      | Noticed a sky beast
  3969 | D:6      | Killed a sky beast
  3970 | D:6      | Reached skill level 7 in Fighting
  3970 | D:6      | Reached XP level 6. HP: 46/55 MP: 7/7
  4074 | D:6      | Noticed an ice beast
  4083 | D:6      | Killed an ice beast
  4084 | D:6      | Reached XP level 7. HP: 19/61 MP: 8/8
  4277 | D:6      | Reached skill level 8 in Fighting
  4389 | D:6      | Found a staircase to the Ecumenical Temple.
  4523 | D:6      | Found an iron altar of Okawaru.
  4675 | D:5      | Reached skill level 9 in Fighting
  4788 | D:5      | HP: 8/64 [acid (9)]
  4836 | D:5      | Identified the +8 sling of the Howling One {drain, ^Contam
                  | rPois rC- Int+6}
  4929 | D:5      | Reached XP level 8. HP: 41/71 MP: 9/9
  5576 | D:6      | Identified a scroll of acquirement
  5576 | D:6      | Acquired 1237 gold pieces
  5635 | D:2      | Bought a potion of mutation for 104 gold pieces
  5635 | D:2      | Bought a potion of brilliance for 52 gold pieces
  5635 | D:2      | Bought a potion of ambrosia for 104 gold pieces
  5635 | D:2      | Bought a potion of heal wounds for 65 gold pieces
  5635 | D:2      | Bought a potion of magic for 104 gold pieces
  5635 | D:2      | Bought a potion of enlightenment for 65 gold pieces
  6001 | D:7      | Reached skill level 10 in Fighting
  6065 | D:7      | Reached skill level 2 in Evocations
  6146 | D:7      | Reached skill level 3 in Evocations
  6271 | D:7      | Found a burning altar of Makhleb.
  6273 | D:7      | Noticed a cacodemon
  6390 | D:7      | Reached skill level 4 in Evocations
  6405 | D:7      | Reached skill level 5 in Evocations
  6407 | D:7      | Reached skill level 1 in Ranged Weapons
  6413 | D:7      | Reached skill level 2 in Ranged Weapons
  6413 | D:7      | HP: 18/72 [poisoned by a killer bee]
  6418 | D:7      | HP: 14/72 [sleepcap (1)]
  6657 | D:7      | Learned a level 1 spell: Apportation
  6670 | D:7      | Noticed a wyvern
  6675 | D:7      | Killed a wyvern
  6676 | D:7      | Reached skill level 3 in Ranged Weapons
  6821 | D:7      | Reached XP level 9. HP: 52/78 MP: 10/10
  7079 | D:7      | Reached skill level 4 in Ranged Weapons
  7307 | D:7      | Found a basalt altar of Yredelemnul.
  7340 | D:7      | Reached skill level 5 in Ranged Weapons
  7543 | D:8      | Reached skill level 6 in Ranged Weapons
  7566 | D:7      | HP: 14/78 [yak (9)]
  7572 | D:7      | HP: 6/78 [yak (13)]
  7583 | D:7      | Reached skill level 7 in Ranged Weapons
  7963 | D:8      | Reached skill level 8 in Ranged Weapons
  7978 | D:8      | Noticed a hornet
  7987 | D:8      | Killed a hornet
  7988 | D:8      | Reached XP level 10. HP: 80/85 MP: 11/11
  8203 | D:8      | Reached skill level 9 in Ranged Weapons
  8808 | D:9      | Noticed a purple ugly thing
  8826 | D:9      | Killed a purple ugly thing
  9069 | D:9      | Reached skill level 10 in Ranged Weapons
 10030 | D:10     | Entered Level 10 of the Dungeon
 10057 | D:10     | Reached skill level 11 in Ranged Weapons
 10073 | D:9      | Noticed a cyan ugly thing
 10096 | D:10     | HP: 21/85 [cyan ugly thing (5)]
 10097 | D:10     | Killed a cyan ugly thing
 10317 | D:9      | Reached XP level 11. HP: 90/90 MP: 12/12
 10322 | D:9      | Noticed a cyclops
 10335 | D:9      | Killed a cyclops
 10336 | D:9      | Reached skill level 12 in Ranged Weapons
 10687 | D:10     | Found a sacrificial altar of Ru.
 10825 | D:10     | Found a staircase to the Orcish Mines.
 10926 | D:10     | Found an ancient bone altar of Kikubaaqudgha.
 11400 | D:11     | Noticed a two-headed ogre
 11400 | D:11     | Noticed a boulder beetle
 11503 | D:10     | HP: 14/89 [vampire mosquito (10)]
 11621 | D:11     | Reached skill level 13 in Ranged Weapons
 11666 | D:11     | HP: 17/90 [wraith (11)]
 11858 | D:11     | Found a staircase to the Lair.
 11922 | D:11     | Noticed Urug
 11942 | D:11     | Killed Urug
 11985 | D:11     | Reached skill level 14 in Ranged Weapons
 12037 | D:11     | Killed a two-headed ogre
 12038 | D:11     | Reached skill level 1 in Dodging
 12145 | D:11     | Killed a boulder beetle
 12146 | D:11     | Reached skill level 1 in Armour
 12146 | D:11     | Reached XP level 12. HP: 97/97 MP: 12/14
 12165 | D:11     | Reached skill level 1 in Stealth
 12202 | D:11     | Noticed a boulder beetle
 12217 | D:11     | Killed a boulder beetle
 12218 | D:11     | Reached skill level 2 in Dodging
 12218 | D:11     | Reached skill level 6 in Evocations
 12264 | D:11     | Learned a level 2 spell: Blink
 12697 | D:12     | Reached skill level 2 in Spellcasting
 12719 | D:12     | Reached skill level 2 in Armour
 12751 | D:12     | Reached skill level 1 in Translocations
 12797 | D:12     | Reached skill level 2 in Stealth
 12828 | D:12     | Reached skill level 3 in Dodging
 12849 | D:12     | Reached skill level 7 in Evocations
 12923 | Lair:1   | Entered Level 1 of the Lair of Beasts
 13001 | Lair:1   | Got Sif Muna's Thoughts on Charming Ice
 13202 | Lair:1   | Reached skill level 2 in Translocations
 13320 | Lair:1   | Noticed a fire dragon
 13337 | Lair:1   | Killed a fire dragon
 13338 | Lair:1   | Reached skill level 4 in Dodging
 13436 | Lair:1   | Identified the +8 dagger "Dragonslayer" {flame, ^Drain
                  | Will+++ Int-4 Stlth+}
 13918 | Lair:2   | Reached skill level 11 in Fighting
 14023 | Lair:1   | Reached skill level 8 in Evocations
 14073 | Lair:2   | Noticed a skyshark
 14136 | Lair:1   | a skyshark changed into a spark wasp
 14136 | Lair:1   | Noticed a spark wasp
 14138 | Lair:1   | a spark wasp changed into a swamp dragon
 14138 | Lair:1   | HP: 25/100 [swamp dragon (8)]
 14139 | Lair:1   | HP: 10/100 [swamp dragon (16)]
 14139 | Lair:1   | HP: 3/100 [swamp dragon (7)]
 14146 | Lair:1   | HP: 20/100 [swamp dragon (2)]
 14150 | Lair:1   | Reached skill level 3 in Armour
 14273 | Lair:2   | Noticed an eight-headed hydra
 14276 | Lair:2   | Reached skill level 3 in Stealth
 14277 | Lair:2   | Reached XP level 13. HP: 98/106 MP: 17/17
 14279 | Lair:2   | Reached skill level 3 in Spellcasting
 14519 | Lair:2   | Noticed grrhawk's ghost (journeyman CoGl)
 14550 | Lair:2   | Reached skill level 3 in Translocations
 14579 | Lair:2   | Noticed Fannar
 14751 | D:12     | Reached skill level 5 in Dodging
 15024 | Orc:1    | Entered Level 1 of the Orcish Mines
 15027 | Orc:1    | Reached skill level 9 in Evocations
 15122 | Orc:2    | Entered Level 2 of the Orcish Mines
 15596 | Orc:1    | HP: 25/106 [orc knight/bolt (6)]
 16248 | Orc:1    | Reached skill level 4 in Armour
 16714 | Orc:2    | Reached skill level 4 in Stealth
 16822 | Orc:2    | Reached skill level 10 in Evocations
 16854 | Orc:2    | Reached skill level 6 in Dodging
 16916 | Orc:2    | Reached skill level 12 in Fighting
 16916 | Orc:2    | Reached skill level 4 in Translocations
 17059 | Orc:2    | Found Wubuofu's Weapon Shop.
 17083 | Orc:2    | Reached skill level 4 in Spellcasting
 17145 | Orc:2    | Found Dosy's Distillery.
 17196 | Orc:2    | Bought a potion of heal wounds for 70 gold pieces
 17196 | Orc:2    | Bought a potion of haste for 140 gold pieces
 17196 | Orc:2    | Bought a potion of haste for 140 gold pieces
 17196 | Orc:2    | Bought a potion of haste for 140 gold pieces
 17196 | Orc:2    | Bought a potion of lignification for 42 gold pieces
 17208 | Orc:2    | Found a roughly hewn altar of Beogh.
 17293 | Orc:2    | Reached XP level 14. HP: 102/115 MP: 20/20
 17295 | Orc:2    | Acquired a bismuth samoflange {AutoDazzle, Will+ Slay+3}
 17318 | Orc:2    | HP: 23/115 [ice devil[an orc sorcerer] (12)]
 17767 | Orc:2    | Found a staircase to the Elven Halls.
 17839 | Orc:2    | Identified the +6 rapier of Bodily Harmony {freeze, Dex+3}
 18167 | Orc:2    | HP: 1/116 [ice devil[an orc high priest] (30)]
 18312 | Orc:2    | Reached skill level 11 in Evocations
 18396 | Orc:2    | Noticed an orc warlord
 18404 | Orc:2    | Killed an orc warlord
 18434 | Orc:2    | Found Avazxyew's General Store.
 18481 | Orc:2    | Reached skill level 7 in Dodging
 18600 | Orc:2    | Found Tyjit's Weapon Boutique.
 18622 | Orc:2    | Found a roughly hewn altar of Beogh.
 18649 | Orc:2    | Reached skill level 5 in Armour
 18870 | Elf:1    | Entered Level 1 of the Elven Halls
 18947 | Elf:1    | Noticed a deep elf demonologist
 19128 | Elf:1    | Reached skill level 5 in Translocations
 19190 | Elf:1    | Killed a deep elf demonologist
 19265 | Elf:1    | Reached skill level 5 in Stealth
 19398 | Elf:1    | Noticed a deep elf annihilator
 19488 | Elf:1    | HP: 14/116 [deep elf annihilator/bolt of lightning (47)]
 19489 | Elf:1    | Killed a deep elf annihilator
 19493 | Elf:1    | HP: 11/116 [poisoned by a deep elf annihilator (poison
                  | arrow)]
 19697 | Orc:2    | HP: 28/116 [burnt (7)]
 19974 | Elf:1    | Got the Tractate on the Gathering
 20077 | Elf:1    | Identified the +9 mace "Loogux" {flame, ^Fragile rN++
                  | Dex+5}
 20280 | Elf:1    | Reached skill level 12 in Evocations
 20387 | Elf:1    | HP: 13/100 [+1 war axe of draining (23)]
 20387 | Elf:1    | Mangled by a +1 war axe of draining

Illustrated notes

Levels and vault maps discovered:
D:1:      wheals_arrival_shading, layout_loops_ring, serial_forest,
          infiniplex_forest_clump_medium, infiniplex_forest_lined_3,
          infiniplex_forest_clump_diagonal, infiniplex_forest_straight_2,
          infiniplex_forest_end_double, infiniplex_forest_end_3,
          infiniplex_forest_lined_corner, infiniplex_forest_lined_ring,
          infiniplex_forest_end_2, infiniplex_forest_end_3
D:2:      layout_loops_ring, serial_shops, nicolae_shop_tiny_statue_garden,
          chequers_ecumenical_altar_twisty, basic_altar, chequers_arboretum
D:3:      layout_basic, mainiacjoe_overflow_paths,
          nicolae_overflow_two_pavilions, ebering_dispersal_statue_hall,
          grunt_decor_mini_mirrors, st_stairs_1
D:4:      gammafunk_cloud_chamber, layout_rooms, evilmike_ruin_ashenzari,
          st_stairs_4
D:5:      layout_cave_pods
D:6:      layout_basic, okawaru_trees_1, minmay_temple_entry_gardened_gates
D:7:      layout_loops_ring, makhleb_altar_promises_db,
          nicolae_yredelemnul_corpse_copse
D:8:      layout_cave_pools, bh_walls_and_bars
D:9:      cheibrodos_elevator_heist, layout_loops_corners
D:10:     layout_long_grid, kiku_gazebo_pond_becter,
          mainiacjoe_overflow_cross_hatched, orc_0_dummy
D:11:     layout_big_octagon, erik_lair_orcish_takeover, serial_undead,
          serial_undead_a, serial_undead_d, serial_undead_c, serial_undead_d,
          uniq_urug
D:12:     layout_roguey
Lair:1:   dragon1_lemuel, layout_regular_city, grunt_megastairs_3,
          serial_bayou_shore_b
Lair:2:   layout_misc_corridors, minmay_swamp_entry_worms,
          spider_nest_entry_funnel_web, hellmonk_ghost_happy_afterlife,
          chequers_serial_rivers_small_3, serial_bayou_shore_a, uniq_fannar
Orc:1:    cheibrodos_orc_guarddog, layout_caves, special_room
          [special_room_bee], mines3_lemuel
Orc:2:    pubby_orc_utopia
Elf:1:    layout_loops_ring, minmay_elf_demonology
Elf:2:    nicolae_elf_blades_splatter_lattice [nicolae_blade_entry_pointy_end],
          layout_geoelf_octagon

Skill      XL: |  1  2  3  4  5  6  7  8  9 10 11 12 13 14 |
---------------+-------------------------------------------+-----
Fighting       | 4 5 7 9 10 11 12 | 12.9
Evocations     | 5 8 10 12 | 12.0
Ranged Weapons | 3 8 11 14 | 14.0
Dodging        | 1 4 6 7 |  7.6
Armour         | 1 3 4 5 |  5.4
Stealth        | 3 4 5 |  5.2
Spellcasting   | 2 4 |  4.9
Translocations | 2 4 5 |  5.3
Axes           | |  3.0
Fire Magic     | |  2.6

Action                     |  1- 3 |  4- 6 |  7- 9 | 10-12 | 13-15 || total
---------------------------+-------+-------+-------+-------+-------++-------
  Melee: Hand axe          |    68 |   133 |     4 |       |       ||   205
         Dagger            |    22 |       |   131 |       |       ||   153
         Short sword       |    43 |   128 |   130 |       |       ||   301
   Fire: Sling             |       |       |   258 |  1533 |  2197 ||  3988
  Throw: Stone             |    10 |       |       |       |       ||    10
         Dart              |       |       |       |     1 |       ||     1
   Cast: Blink             |       |       |       |     1 |     3 ||     4
 Invoke: Fiery Armour      |       |       |     3 |       |       ||     3
         Foxfire Swarm     |       |       |       |     1 |       ||     1
Ability: Invent Gizmo      |       |       |       |       |     1 ||     1
  Evoke: Wand              |       |       |     1 |    14 |     7 ||    22
         Phial of floods   |       |       |       |     1 |     1 ||     2
    Use: Scroll            |       |     7 |     4 |     2 |     3 ||    16
         Potion            |       |       |     3 |     2 |     1 ||     6
   Stab: Sleeping          |     2 |       |       |       |       ||     2
 Armour: Robe              |    52 |    42 |       |       |       ||    94
         Scale mail        |       |    59 |   239 |   114 |       ||   412
         Troll leather arm |       |       |       |   276 |   470 ||   746
  Dodge: Dodged            |    42 |    52 |   126 |   221 |   352 ||   793

Table legend: (Time is in decaauts)
 A = Elapsed time spent in this place.
 B = Non-inter-level travel time spent in this place.
 C = Inter-level travel time spent in this place.
 D = Time resting spent in this place.
 E = Time spent auto-exploring this place.
 F = Levels seen in this place.
 G = Mean time per level.
                   A        B        C        D        E       F      G
               +--------+--------+--------+--------+--------+-----+--------+
         Total |  20098 |  18533 |   1565 |    266 |  14627 |  18 | 1116.6 |
       Dungeon |  13391 |  12312 |   1079 |    192 |  10038 |  12 | 1115.9 |
          Lair |   1654 |   1493 |    161 |      0 |   1165 |   2 |  827.0 |
  Orcish Mines |   3887 |   3695 |    192 |     57 |   2749 |   2 | 1943.5 |
   Elven Halls |   1164 |   1032 |    132 |     17 |    674 |   2 |  582.0 |
               +--------+--------+--------+--------+--------+-----+--------+

Top non-repeatable levels by time:
   Orc:2: 2559 daAuts
     D:9: 1695 daAuts
     D:7: 1683 daAuts
    D:10: 1472 daAuts
  Lair:1: 1404 daAuts
     D:1: 1370 daAuts
   Orc:1: 1328 daAuts
     D:5: 1249 daAuts
   Elf:1: 1159 daAuts
     D:2: 1083 daAuts
     D:8: 937 daAuts
     D:6: 909 daAuts
    D:11: 881 daAuts
     D:3: 877 daAuts
    D:12: 704 daAuts

Levels and vault maps discovered:
D:1:      wheals_arrival_shading, layout_loops_ring, serial_forest,
          infiniplex_forest_clump_medium, infiniplex_forest_lined_3,
          infiniplex_forest_clump_diagonal, infiniplex_forest_straight_2,
          infiniplex_forest_end_double, infiniplex_forest_end_3,
          infiniplex_forest_lined_corner, infiniplex_forest_lined_ring,
          infiniplex_forest_end_2, infiniplex_forest_end_3
D:2:      layout_loops_ring, serial_shops, nicolae_shop_tiny_statue_garden,
          chequers_ecumenical_altar_twisty, basic_altar, chequers_arboretum
D:3:      layout_basic, mainiacjoe_overflow_paths,
          nicolae_overflow_two_pavilions, ebering_dispersal_statue_hall,
          grunt_decor_mini_mirrors, st_stairs_1
D:4:      gammafunk_cloud_chamber, layout_rooms, evilmike_ruin_ashenzari,
          st_stairs_4
D:5:      layout_cave_pods
D:6:      layout_basic, okawaru_trees_1, minmay_temple_entry_gardened_gates
D:7:      layout_loops_ring, makhleb_altar_promises_db,
          nicolae_yredelemnul_corpse_copse
D:8:      layout_cave_pools, bh_walls_and_bars
D:9:      cheibrodos_elevator_heist, layout_loops_corners
D:10:     layout_long_grid, kiku_gazebo_pond_becter,
          mainiacjoe_overflow_cross_hatched, orc_0_dummy
D:11:     layout_big_octagon, erik_lair_orcish_takeover, serial_undead,
          serial_undead_a, serial_undead_d, serial_undead_c, serial_undead_d,
          uniq_urug
D:12:     layout_roguey
Lair:1:   dragon1_lemuel, layout_regular_city, grunt_megastairs_3,
          serial_bayou_shore_b
Lair:2:   layout_misc_corridors, minmay_swamp_entry_worms,
          spider_nest_entry_funnel_web, hellmonk_ghost_happy_afterlife,
          chequers_serial_rivers_small_3, serial_bayou_shore_a, uniq_fannar
Orc:1:    cheibrodos_orc_guarddog, layout_caves, special_room
          [special_room_bee], mines3_lemuel
Orc:2:    pubby_orc_utopia
Elf:1:    layout_loops_ring, minmay_elf_demonology
Elf:2:    nicolae_elf_blades_splatter_lattice [nicolae_blade_entry_pointy_end],
          layout_geoelf_octagon

Table legend: (Time is in decaauts)
 A = Elapsed time spent in this place.
 B = Non-inter-level travel time spent in this place.
 C = Inter-level travel time spent in this place.
 D = Time resting spent in this place.
 E = Time spent auto-exploring this place.
 F = Levels seen in this place.
 G = Mean time per level.
                   A        B        C        D        E       F      G
               +--------+--------+--------+--------+--------+-----+--------+
         Total |  20098 |  18533 |   1565 |    266 |  14627 |  18 | 1116.6 |
       Dungeon |  13391 |  12312 |   1079 |    192 |  10038 |  12 | 1115.9 |
          Lair |   1654 |   1493 |    161 |      0 |   1165 |   2 |  827.0 |
  Orcish Mines |   3887 |   3695 |    192 |     57 |   2749 |   2 | 1943.5 |
   Elven Halls |   1164 |   1032 |    132 |     17 |    674 |   2 |  582.0 |
               +--------+--------+--------+--------+--------+-----+--------+

Top non-repeatable levels by time:
   Orc:2: 2559 daAuts
     D:9: 1695 daAuts
     D:7: 1683 daAuts
    D:10: 1472 daAuts
  Lair:1: 1404 daAuts
     D:1: 1370 daAuts
   Orc:1: 1328 daAuts
     D:5: 1249 daAuts
   Elf:1: 1159 daAuts
     D:2: 1083 daAuts
     D:8: 937 daAuts
     D:6: 909 daAuts
    D:11: 881 daAuts
     D:3: 877 daAuts
    D:12: 704 daAuts

Table legend:
 A = Kills in this place as a percentage of kills in the entire game.
 B = Kills by you in this place as a percentage of kills by you in the entire game.
 C = Kills by friends in this place as a percentage of kills by friends in the entire game.
 D = Other kills in this place as a percentage of other kills in the entire game.
 E = Experience gained in this place as a percentage of experience gained in the entire game.
 F = Experience gained in this place divided by the number of levels of this place that you have seen.
                   A       B       C       D       E      F
               +-------+-------+-------+-------+-------+----------------------
         Total | 100.0 | 100.0 |   N/A |   N/A | 100.0 | 4636.9
       Dungeon |  48.3 |  48.3 |   N/A |   N/A |  31.0 | 2154.6
          Lair |   9.1 |   9.1 |   N/A |   N/A |  14.1 | 5899.5
  Orcish Mines |  38.8 |  38.8 |   N/A |   N/A |  38.4 | 16030.0
   Elven Halls |   3.8 |   3.8 |   N/A |   N/A |  16.5 | 6875.0
               +-------+-------+-------+-------+-------+----------------------
